 Dungeon Crawl Stone Soup version 0.31-a0-1236-gaa9e43cceb (webtiles) character file.

Game seed: 14878308893342651631

48 Ivernyr the Shield-Bearer (level 4, -4/37 HPs)
             Began as a Formicid Fighter on Dec 15, 2023.
             Slain by a gnoll
             ... wielding a +0 halberd
              (9 damage)
             ... on level 2 of the Dungeon.
             The game lasted 00:02:02 (1146 turns).

Ivernyr the Shield-Bearer (Formicid Fighter)        Turns: 1146, Time: 00:02:03

Health: -4/37      AC:  7    Str: 22    XL:     4   Next: 0%
Magic:  4/4        EV:  9    Int:  8    God:
Gold:   37         SH:  5    Dex: 13    Spells: 3/3 levels left

rFire   . . .        a - +0 quarterstaff
rCold   . . .        c - +0 buckler
rNeg    . . .        b - +0 scale mail
rPois   .            (helmet unavailable)
rElec   .            (no cloak)
rCorr   .            (no gloves)
SInv    +            (no boots)
Will    .....        (no amulet) Stlth
                     (no ring)
HPRegen 0.26/turn    (no ring)
MPRegen 0.09/turn

%: no passive effects
@: no status effects
A: permanent stasis, dig shafts and tunnels, antennae 3, four strong arms
a: Dig, Shaft Self


You were on level 2 of the Dungeon.
You visited 1 branch of the dungeon, and saw 2 of its levels.

You collected 37 gold pieces.

Inventory:

Hand Weapons
 a - a +0 quarterstaff (weapon)
Armour
 b - a +0 scale mail (worn)
 c - a +0 buckler (worn)
Scrolls
 e - a scroll of poison {unknown}
 h - a scroll of fog {unknown}
 i - a scroll of amnesia {unknown}
 j - a scroll of enchant armour {unknown}
Potions
 d - a potion of might
 f - a potion of heal wounds {unknown}
 g - a potion of haste {unknown}


   Skills:
 + Level 3.7 Fighting
 * Level 2.9 Staves
 + Level 3.7 Armour
 + Level 4.4 Shields


You had 3 spell levels left.
You didn't know any spells.
Your spell library contained the following spells:

 Spells                   Type           Power      Damage    Failure   Level
 Lesser Beckoning         Tloc           0%         N/A       90%         2
 Gell's Gravitas          Tloc           0%         N/A       99%         3
 Teleport Other           Tloc           0%         N/A       99%         3


Dungeon Overview and Level Annotations

Branches:
Dungeon (2/15)

Altars:


Innate Abilities, Weirdness & Mutations

You cannot be hasted, slowed, berserked, paralysed or teleported.
You can dig through walls and to a lower floor.
You have a pair of large antennae on your head. (SInv)
Your four strong arms can wield two-handed weapons with a shield.


Message History

A gnoll comes into view. It is wielding a +0 whip.
You block the gnoll's attack. The gnoll hits you but does no damage.
You hit the gnoll.
The gnoll is moderately wounded.
The gnoll hits you with a +0 halberd! You block the gnoll's attack. x2
You closely miss the gnoll.
The gnoll is moderately wounded.
The gnoll barely misses you. The gnoll completely misses you.
The gnoll closely misses you.
You hit the gnoll.
The gnoll is moderately wounded.
The gnoll barely misses you. The gnoll closely misses you.
The gnoll hits you but does no damage. The gnoll misses you.
You block the gnoll's attack. The gnoll closely misses you.
You barely miss the gnoll.
The gnoll is moderately wounded.
The gnoll barely misses you. x2; You block the gnoll's attack.
You hit the gnoll.
The gnoll is severely wounded.
The gnoll hits you with a +0 halberd! The gnoll closely misses you.
The gnoll barely misses you.
You hit the gnoll.
The gnoll is severely wounded.
The gnoll hits you with a +0 halberd. The gnoll hits you with a +0 whip.
The gnoll closely misses you.
You barely miss the gnoll.
The gnoll is heavily wounded.
The gnoll barely misses you. x2; You block the gnoll's attack.
You hit the gnoll.
The gnoll is almost dead.
The gnoll hits you with a +0 halberd.
* * * LOW HITPOINT WARNING * * *
You block the gnoll's attack.
The gnoll hits you from afar with a +0 halberd.
* * * LOW HITPOINT WARNING * * *
You hit the gnoll.
You kill the gnoll!
The gnoll closely misses you.
The gnoll hits you from afar with a +0 halberd!
You die...

#..####.#.#........#
#.. #..## ...... #..
#.#.# ###### #..
#.##.# #.# #.# ## #.
##:####.##
#.####.........
#........).....
#..###@#.######
#.....)g.#
#..###g#.# .. ,.g..#
##..# ..# .. .#.


You could see 3 gnolls.

Vanquished Creatures
  A gnoll (D:2)
  2 adders (D:2)
  2 dart slugs
  3 bats
  2 endoplasms (D:1)
  A giant cockroach (D:1)
  4 hobgoblins
  A quokka (D:1)
  2 ball pythons
  5 frilled lizards
  3 kobolds (D:2)
  A rat (D:2)
27 creatures vanquished.

Notes
Turn   | Place    | Note
-------+----------+-------------------------------------------
     0 | D:1      | Ivernyr the Formicid Fighter began the quest for the Orb.
     0 | D:1      | Reached XP level 1. HP: 18/18 MP: 1/1
    61 | D:1      | Found a faded altar of an unknown god.
   282 | D:1      | Reached XP level 2. HP: 19/24 MP: 2/2
   998 | D:2      | Reached XP level 3. HP: 29/29 MP: 3/3
  1098 | D:2      | Reached XP level 4. HP: 35/37 MP: 4/4
  1146 | D:2      | Slain by a gnoll

Illustrated notes

Levels and vault maps discovered:
D:1:      psy_arrival_radial02, layout_loops_corners,
          ebering_ecumenical_altar_petrified
D:2:      layout_loops_ring

Action                     |  1- 3 |  4- 6 || total
---------------------------+-------+-------++-------
  Melee: Quarterstaff      |    69 |     9 ||    78
 Armour: Scale mail        |    54 |    10 ||    64
  Dodge: Dodged            |    35 |    15 ||    50
  Block: Buckler           |    26 |     7 ||    33

Table legend: (Time is in decaauts)
 A = Elapsed time spent in this place.
 B = Non-inter-level travel time spent in this place.
 C = Inter-level travel time spent in this place.
 D = Time resting spent in this place.
 E = Time spent auto-exploring this place.
 F = Levels seen in this place.
 G = Mean time per level.
                   A        B        C        D        E       F      G
               +--------+--------+--------+--------+--------+-----+--------+
         Total |   1161 |   1146 |     15 |     26 |    909 |   2 |  580.5 |
       Dungeon |   1161 |   1146 |     15 |     26 |    909 |   2 |  580.5 |
               +--------+--------+--------+--------+--------+-----+--------+

Top non-repeatable levels by time:
     D:1: 937 daAuts
     D:2: 223 daAuts
